 Dungeon Crawl Stone Soup version 0.20-a0-970-gcd8f41e (webtiles) character file.

63 Murumi the Covert (level 4, -3/39 HPs)
             Began as a Naga Assassin on Apr 8, 2017.
             Slain by an orc warrior
             ... wielding a +0 halberd
              (17 damage)
             ... on level 2 of the Dungeon.
             The game lasted 00:04:54 (2303 turns).

Murumi the Covert (Naga Assassin)                   Turns: 2303, Time: 00:04:55

Health: -3/39      AC:  3    Str: 13    XL:     4   Next: 10%
Magic:  4/4        EV: 15    Int: 11    God:
Gold:   54         SH:  0    Dex: 19    Spells: 3/3 levels left

rFire    . . .     SeeInvis +   a - +3 dagger
rCold    . . .     Gourm    .   (no shield)
rNeg     . . .     Faith    .   c - +0 robe
rPois    +         Spirit   .   (no helmet)
rElec    .         Reflect  .   d - +0 cloak
rCorr    .         Harm     .   (no gloves)
MR       .....                  (no barding)
Stlth    +++++.....             (no amulet)
Regen    0.2/turn               (no ring)
MPRegen  0.1/turn               (no ring)

@: agile, hasted, quick
A: see invisible, deformed body, poison resistance, slowness 2, slow metabolism
1, spit poison 1, AC +1
a: Spit Poison


You were on level 2 of the Dungeon.
You were not hungry.

You visited 1 branch of the dungeon, and saw 2 of its levels.

You collected 54 gold pieces.

Inventory:

Hand Weapons
 a - a +3 dagger (weapon)
 b - a +0 blowgun
Missiles
 e - 8 poisoned needles
 f - 2 curare-tipped needles
 i - 41 stones
 o - 6 tomahawks (quivered)
Armour
 c - a +0 robe (worn)
 d - a +0 cloak (worn)
Potions
 j - 2 potions of flight
 k - a potion of heal wounds {unknown}
 l - a potion of agility
Comestibles
 g - 2 bread rations
 h - 2 fruits
 p - 6 chunks of flesh


   Skills:
 - Level 2.0 Fighting
 - Level 2.0 Short Blades
 - Level 2.0 Throwing
 - Level 1.1 Dodging
 + Level 8.0 Stealth


You had 3 spell levels left.
You didn't know any spells.

Dungeon Overview and Level Annotations

Branches:
Dungeon (2/15)

Altars:


Innate Abilities, Weirdness & Mutations

You cannot wear boots.
Your serpentine skin is tough. (AC +1)
You have supernaturally acute eyesight. (SInv)
Armour fits poorly on your strangely shaped body.
Your system is resistant to poisons. (rPois)
You cover ground very slowly.
You have a slow metabolism.
You can spit poison.


Message History

You kill the quokka!
Your Stealth skill increases to level 8!
You hear a shout!
You hear a bark!
You hit the goblin.
You kill the goblin!
A jackal comes into view.
You see here a hobgoblin corpse.
You feel agile all of a sudden. The orc warrior closely misses you.
You completely miss the orc warrior.
The orc warrior hits you with a halberd!
You hear a bark!
You hit the orc warrior but do no damage.
The orc warrior hits you with a halberd!!
Ouch! That really hurt!
* * * LOW HITPOINT WARNING * * *
It was a potion of curing.
You feel better.
It was a potion of haste.
You feel yourself speed up.
The orc warrior hits you with a halberd!
You die...

#...............# #.#
#.#.##..#÷#.....###.#
#....#.##.##......#..
#..#...#...#..###.#.#
#.....#######.# #.#.#
#.##..#..)..#.###.#..
#.....#.....'.....#.#
###..#########.#..#..
###.#######.@#
#.#..###
.........##..oh.....
#.......
.##.####.###.#......
#.#.#### #.#
#.#########...#
###.###..#..†..'..###
#.....##.#..)..#..#
#.#..<##.#######..#
#.###.##..# #...# ##
########.# #.###.##
##...# #.


You could see an orc warrior and a jackal.

Vanquished Creatures
  2 dart slugs (D:1)
  3 leopard geckos
  A ball python (D:2)
  3 giant cockroaches
  12 goblins
  7 hobgoblins
  5 kobolds
  A quokka (D:2)
  6 bats
  4 frilled lizards
  7 rats
51 creatures vanquished.

Notes
Turn   | Place    | Note
-------+----------+-------------------------------------------
     0 | D:1      | Murumi the Naga Assassin began the quest for the Orb.
     0 | D:1      | Reached XP level 1. HP: 19/19 MP: 1/1
    25 | D:1      | Reached skill level 6 in Stealth
    28 | D:1      | Reached skill level 1 in Dodging
   382 | D:1      | Reached XP level 2. HP: 23/26 MP: 2/2
  1230 | D:1      | Reached XP level 3. HP: 32/32 MP: 3/3
  1300 | D:1      | Reached skill level 7 in Stealth
  2210 | D:2      | Reached XP level 4. HP: 31/39 MP: 4/4
  2289 | D:2      | Noticed an orc warrior
  2295 | D:2      | Reached skill level 8 in Stealth
  2303 | D:2      | Slain by an orc warrior

Vault maps used:
D:1:      matt_arrival_diagonals, grunt_decor_clamped
D:2:      minmay_divided_ellipse

Skill      XL: |  1  2  3  4 |
---------------+-------------+-----
Stealth        | 6 7 8 |  8.0
Dodging        | 1 |  1.1
Throwing       | 2 |  2.0
Fighting       | |  2.0
Short Blades   | |  2.0

Action                   |  1- 3 |  4- 6 || total
-------------------------+-------+-------++-------
Melee: Dagger            |   125 |     9 ||   134
 Abil: Spit Poison       |     5 |       ||     5
  Use: Scroll            |     5 |     4 ||     9
       Potion            |       |     3 ||     3
 Stab: Sleeping          |    12 |       ||    12
  Eat: Chunk             |     2 |     1 ||     3
Armor: Robe              |    24 |       ||    24
Dodge: Dodged            |    61 |     2 ||    63
